% Time on Ice - TEXAS TOROS
Lines # - Real PCT - Wanted PCT - Time Play
Normal Forward
1 - 33% - 36% - 13:07
2 - 29% - 31% - 11:28
3 - 27% - 23% - 10:58
4 - 11% - 10% - 4:30
Normal Defense
1 - 38% - 36% - 15:18
2 - 31% - 31% - 12:15
3 - 30% - 23% - 11:57
4 - 1% - 10% - 0:33
PP Forward
1 - 0% - 55%
2 - 0% - 45%
PP Defense
1 - 0% - 55%
2 - 0% - 45%
PK Forward
1 - 56% - 55% - 9:39
2 - 44% - 45% - 7:43
PK Defense
1 - 44% - 55% - 7:43
2 - 56% - 45% - 9:39
PK3 Forward
1 - 0% - 55%
2 - 0% - 45%
PK3 Defense
1 - 0% - 55%
2 - 0% - 45%
44 Forward
1 - 68% - 55% - 1:21
2 - 32% - 45% - 0:38
44 Defense
1 - 51% - 55% - 1:01
2 - 49% - 45% - 0:58
Last Minute Offensive  - 0:36
Last Minute Defensive  - 0:00
Total
Forward - 60:00
Defense - 60:00
% Time on Ice - KELOWNA ROCKETS
Lines # - Real PCT - Wanted PCT - Time Play
Normal Forward
1 - 34% - 38% - 13:42
2 - 36% - 37% - 14:26
3 - 16% - 25% - 6:27
4 - 15% - 0% - 6:04
Normal Defense
1 - 31% - 34% - 12:46
2 - 33% - 32% - 13:13
3 - 32% - 21% - 12:51
4 - 4% - 13% - 1:49
PP Forward
1 - 62% - 65% - 10:51
2 - 38% - 35% - 6:31
PP Defense
1 - 52% - 65% - 9:07
2 - 48% - 35% - 8:15
PK Forward
1 - 0% - 55%
2 - 0% - 45%
PK Defense
1 - 0% - 55%
2 - 0% - 45%
PK3 Forward
1 - 0% - 55%
2 - 0% - 45%
PK3 Defense
1 - 0% - 55%
2 - 0% - 45%
44 Forward
1 - 67% - 55% - 1:20
2 - 33% - 45% - 0:39
44 Defense
1 - 47% - 55% - 0:56
2 - 53% - 45% - 1:03
Last Minute Offensive  - 0:00
Last Minute Defensive  - 0:00
Total
Forward - 60:00
Defense - 60:00
Play-by-Play 1st period 0:01 of 1st period - Nazem Kadri wins face-off versus Auston Matthews in neutral zone. 0:01 of 1st period - Nazem Kadri is hit by Alexander Ovechkin. 0:08 of 1st period - Mats Zuccarello is hit by Dmitri Orlov. 0:12 of 1st period - Shot by Nick Cousins. 0:12 of 1st period - Shot Blocked by Dmitri Orlov. 0:15 of 1st period - Icing by Mark Giordano. 0:16 of 1st period - Auston Matthews wins face-off versus Valtteri Filppula in KELOWNA ROCKETS zone. 0:25 of 1st period - Shot by Auston Matthews. 0:25 of 1st period - Stopped by Cory Schneider with a rebound. 0:38 of 1st period - Conor Sheary is hit by Dmitri Orlov. 0:40 of 1st period - Shot by Jake Virtanen. 0:40 of 1st period - Stopped by Tuukka Rask without a rebound. 0:41 of 1st period - Barrett Hayton wins face-off versus Anthony Cirelli in KELOWNA ROCKETS zone. 0:41 of 1st period - Barrett Hayton is hit by Adam Fox. 0:45 of 1st period - Shot by Barrett Hayton. 0:45 of 1st period - Stopped by Tuukka Rask without a rebound. 0:46 of 1st period - Pavel Buchnevich wins face-off versus Barrett Hayton in KELOWNA ROCKETS zone. 0:48 of 1st period - Anthony Cirelli is hit by Dale Weise and loses puck. 0:52 of 1st period - Kristopher Letang is hit by Dale Weise and loses puck. 1:04 of 1st period - Tyler Bertuzzi is hit by Dante Fabbro and loses puck. 1:15 of 1st period - Shot by Anthony Cirelli. 1:15 of 1st period - Shot Misses the Net. 1:17 of 1st period - Shot by Tyler Bertuzzi. 1:17 of 1st period - Shot Misses the Net. 1:34 of 1st period - Icing by Dante Fabbro. 1:35 of 1st period - Evgeny Kuznetsov wins face-off versus Barrett Hayton in TEXAS TOROS zone. 1:39 of 1st period - Vladimir Tarasenko is hit by Vince Dunn and loses puck. 1:51 of 1st period - Evgeny Kuznetsov is hit by Dante Fabbro and loses puck. 2:02 of 1st period - Shot by Ilya Kovalchuk. 2:02 of 1st period - Stopped by Cory Schneider without a rebound. 2:03 of 1st period - Nazem Kadri wins face-off versus Auston Matthews in TEXAS TOROS zone. 2:26 of 1st period - Shot by Jordan Eberle. 2:26 of 1st period - Stopped by Cory Schneider without a rebound. 2:27 of 1st period - Evgeny Kuznetsov wins face-off versus Valtteri Filppula in TEXAS TOROS zone. 2:39 of 1st period - Shot by Ilya Kovalchuk. 2:39 of 1st period - Deflect By Evgeny Kuznetsov. 2:39 of 1st period - Stopped by Cory Schneider with a rebound. 2:41 of 1st period - Shot by Jonas Siegenthaler. 2:41 of 1st period - Shot Misses the Net. 2:46 of 1st period - Icing by Madison Bowey. 2:47 of 1st period - Anthony Cirelli wins face-off versus Valtteri Filppula in TEXAS TOROS zone. 3:31 of 1st period - Conor Sheary is hit by Pavel Buchnevich and loses puck. 4:04 of 1st period - Jordan Eberle is hit by Nazem Kadri and loses puck. 4:50 of 1st period - Shot by Ryan Poehling. 4:50 of 1st period - Stopped by Tuukka Rask with a rebound. 4:58 of 1st period - Shot by Evgeny Kuznetsov. 4:58 of 1st period - Stopped by Cory Schneider without a rebound. 4:59 of 1st period - Barrett Hayton wins face-off versus Vladislav Kamenev in TEXAS TOROS zone. 6:04 of 1st period - Shot by Evgeny Kuznetsov. 6:04 of 1st period - Shot Blocked by Vince Dunn. 6:49 of 1st period - Icing by Dante Fabbro. 6:50 of 1st period - Auston Matthews wins face-off versus Barrett Hayton in TEXAS TOROS zone. 7:11 of 1st period - Shot by Nick Cousins. 7:11 of 1st period - Shot Misses the Net. 7:13 of 1st period - Shot by Nick Cousins. 7:13 of 1st period - Shot Misses the Net. 7:15 of 1st period - Shot by Mats Zuccarello. 7:15 of 1st period - Shot Misses the Net. 7:17 of 1st period - Shot by Mats Zuccarello. 7:17 of 1st period - Shot Misses the Net. 7:19 of 1st period - Shot by Nick Cousins. 7:19 of 1st period - Shot Blocked by Niklas Hjalmarsson. 8:11 of 1st period - Shot by Jake Virtanen. 8:11 of 1st period - Shot Misses the Net. 8:19 of 1st period - Shot by Valtteri Filppula. 8:19 of 1st period - Shot Misses the Net. 8:21 of 1st period - Shot by Jake Virtanen. 8:21 of 1st period - Stopped by Tuukka Rask without a rebound. 8:22 of 1st period - Anthony Cirelli wins face-off versus Morgan Klimchuk in KELOWNA ROCKETS zone. 8:31 of 1st period - Mark Giordano is hit by Sven Baertschi and loses puck. 8:35 of 1st period - Icing by Mark Giordano. 8:36 of 1st period - Anthony Cirelli wins face-off versus Conor Sheary in KELOWNA ROCKETS zone. 8:36 of 1st period - Anthony Cirelli is hit by Jake Virtanen. 8:39 of 1st period - Pavel Buchnevich is hit by Jake Virtanen and loses puck. 8:56 of 1st period - Double Minor Penalty to Jake Virtanen for Boarding. 8:57 of 1st period - Nazem Kadri wins face-off versus Ilya Kovalchuk in TEXAS TOROS zone. 10:13 of 1st period - Shot by Anthony Cirelli. 10:13 of 1st period - Stopped by Cory Schneider without a rebound. 10:14 of 1st period - Evgeny Kuznetsov wins face-off versus Valtteri Filppula in TEXAS TOROS zone. 10:20 of 1st period - Shot by Adam Fox. 10:20 of 1st period - Stopped by Cory Schneider with a rebound. 10:22 of 1st period - Shot by Pavel Buchnevich. 10:22 of 1st period - Shot Misses the Net. 10:24 of 1st period - Shot by Pavel Buchnevich. 10:24 of 1st period - Shot Misses the Net. 10:26 of 1st period - Shot by Alexander Ovechkin. 10:26 of 1st period - Shot Blocked by Dante Fabbro. 10:28 of 1st period - Shot by Pavel Buchnevich. 10:28 of 1st period - Shot Misses the Net. 10:30 of 1st period - Shot by Adam Fox. 10:30 of 1st period - Stopped by Cory Schneider with a rebound. 10:32 of 1st period - Shot by Alexander Ovechkin. 10:32 of 1st period - Stopped by Cory Schneider without a rebound. 10:33 of 1st period - Nazem Kadri wins face-off versus Evgeny Kuznetsov in TEXAS TOROS zone. 10:44 of 1st period - Shot by Tyler Bertuzzi. 10:44 of 1st period - Stopped by Cory Schneider without a rebound. 10:45 of 1st period - Evgeny Kuznetsov wins face-off versus Valtteri Filppula in TEXAS TOROS zone. 11:30 of 1st period - Shot by Pavel Buchnevich. 11:30 of 1st period - Stopped by Cory Schneider without a rebound. 11:31 of 1st period - Nazem Kadri wins face-off versus Pavel Buchnevich in TEXAS TOROS zone. 11:50 of 1st period - Shot by Kristopher Letang. 11:50 of 1st period - Stopped by Cory Schneider without a rebound. 11:51 of 1st period - Evgeny Kuznetsov wins face-off versus Nazem Kadri in TEXAS TOROS zone. 13:17 of 1st period - Icing by Jonas Siegenthaler. 13:18 of 1st period - Brock McGinn wins face-off versus Vladislav Kamenev in KELOWNA ROCKETS zone. 13:18 of 1st period - Brock McGinn is hit by Jonas Siegenthaler. 13:39 of 1st period - Icing by Joakim Nordstrom. 13:40 of 1st period - Nazem Kadri wins face-off versus Vladislav Kamenev in KELOWNA ROCKETS zone. 13:40 of 1st period - Mats Zuccarello is hit by Jonas Siegenthaler and loses puck. 14:02 of 1st period - Pavel Buchnevich is hit by Madison Bowey and loses puck. 14:13 of 1st period - Shot by Tyler Bertuzzi. 14:13 of 1st period - Stopped by Cory Schneider without a rebound. 14:14 of 1st period - Auston Matthews wins face-off versus Valtteri Filppula in TEXAS TOROS zone. 14:21 of 1st period - Shot by Alexander Ovechkin. 14:21 of 1st period - Stopped by Cory Schneider without a rebound. 14:22 of 1st period - Anthony Cirelli wins face-off versus Conor Sheary in TEXAS TOROS zone. 15:37 of 1st period - Shot by Jordan Eberle. 15:37 of 1st period - Shot Misses the Net. 15:53 of 1st period - Shot by Auston Matthews. 15:53 of 1st period - Deflect By Alexander Ovechkin. 15:53 of 1st period - Shot Blocked by Mats Zuccarello. 17:04 of 1st period - Shot by Sven Baertschi. 17:04 of 1st period - Stopped by Tuukka Rask with a rebound. 17:06 of 1st period - Shot by Madison Bowey. 17:06 of 1st period - Shot Blocked by Niklas Hjalmarsson. 17:20 of 1st period - Shot by Tyson Barrie. 17:20 of 1st period - Stopped by Tuukka Rask with a rebound. 17:25 of 1st period - Jake Virtanen is hit by Jonas Siegenthaler. 17:54 of 1st period - Shot by Valtteri Filppula. 17:54 of 1st period - Shot Misses the Net. 17:56 of 1st period - Shot by Jake Virtanen. 17:56 of 1st period - Deflect By Conor Sheary. 17:56 of 1st period - Stopped by Tuukka Rask without a rebound. 17:57 of 1st period - Anthony Cirelli wins face-off versus Barrett Hayton in KELOWNA ROCKETS zone. 17:59 of 1st period - Minor Penalty to Dale Weise for Tripping. 18:00 of 1st period - Nazem Kadri wins face-off versus Pavel Buchnevich in TEXAS TOROS zone. 18:39 of 1st period - Shot by Alexander Ovechkin. 18:39 of 1st period - Shot Misses the Net. 18:41 of 1st period - Shot by Anthony Cirelli. 18:41 of 1st period - Shot Misses the Net. 19:00 of 1st period - Icing by Kristopher Letang. 19:01 of 1st period - Evgeny Kuznetsov wins face-off versus Nazem Kadri in KELOWNA ROCKETS zone. 19:06 of 1st period - Shot by Kristopher Letang. 19:06 of 1st period - Shot Blocked by Dante Fabbro. 19:08 of 1st period - Shot by Dmitri Orlov. 19:08 of 1st period - Stopped by Cory Schneider without a rebound. 19:09 of 1st period - Evgeny Kuznetsov wins face-off versus Mats Zuccarello in TEXAS TOROS zone. 19:14 of 1st period - Shot by Evgeny Kuznetsov. 19:14 of 1st period - Shot Misses the Net. 19:32 of 1st period - Icing by Dmitri Orlov. 19:33 of 1st period - Valtteri Filppula wins face-off versus Evgeny Kuznetsov in KELOWNA ROCKETS zone. 19:48 of 1st period - Jake Virtanen is hit by Ilya Kovalchuk and loses puck. Goals for this period are 0 for TEXAS TOROS vs 0 for KELOWNA ROCKETS. Shots for this period are 7 for TEXAS TOROS vs 15 for KELOWNA ROCKETS. 2nd period 0:01 of 2nd period - Nazem Kadri wins face-off versus Anthony Cirelli in neutral zone. 0:09 of 2nd period - Minor Penalty to Madison Bowey for Holding. 0:10 of 2nd period - Nazem Kadri wins face-off versus Evgeny Kuznetsov in TEXAS TOROS zone. 0:16 of 2nd period - Icing by Tyler Bertuzzi. 0:17 of 2nd period - Evgeny Kuznetsov wins face-off versus Nazem Kadri in KELOWNA ROCKETS zone. 0:17 of 2nd period - Evgeny Kuznetsov is hit by Nazem Kadri. 0:39 of 2nd period - Shot by Alexander Ovechkin. 0:39 of 2nd period - Stopped by Cory Schneider without a rebound. 0:40 of 2nd period - Nazem Kadri wins face-off versus Evgeny Kuznetsov in TEXAS TOROS zone. 0:45 of 2nd period - Shot by Mats Zuccarello. 0:45 of 2nd period - Shot Blocked by Dmitri Orlov. 2:07 of 2nd period - Shot by Adam Fox. 2:07 of 2nd period - Deflect By Tyler Bertuzzi. 2:07 of 2nd period - Stopped by Cory Schneider without a rebound. 2:08 of 2nd period - Evgeny Kuznetsov wins face-off versus Valtteri Filppula in TEXAS TOROS zone. 2:22 of 2nd period - Shot by Brock McGinn. 2:22 of 2nd period - Stopped by Tuukka Rask without a rebound. 2:23 of 2nd period - Valtteri Filppula wins face-off versus Auston Matthews in KELOWNA ROCKETS zone. 2:41 of 2nd period - Thomas Schemitsch is hit by Alexander Ovechkin and loses puck. 2:56 of 2nd period - Shot by Auston Matthews. 2:56 of 2nd period - Stopped by Cory Schneider with a rebound. 2:58 of 2nd period - Shot by Jordan Eberle. 2:58 of 2nd period - Shot Misses the Net. 3:00 of 2nd period - Shot by Jordan Eberle. 3:00 of 2nd period - Shot Blocked by Tyson Barrie. 3:02 of 2nd period - Shot by Dmitri Orlov. 3:02 of 2nd period - Deflect By Alexander Ovechkin. 3:02 of 2nd period - Shot Blocked by Conor Sheary. 3:08 of 2nd period - Shot by Auston Matthews. 3:08 of 2nd period - Deflect By Alexander Ovechkin. 3:08 of 2nd period - Stopped by Cory Schneider without a rebound. 3:09 of 2nd period - Anthony Cirelli wins face-off versus Nazem Kadri in TEXAS TOROS zone. 3:16 of 2nd period - Shot by Anthony Cirelli. 3:16 of 2nd period - Shot Misses the Net. 3:35 of 2nd period - Shot by Mats Zuccarello. 3:35 of 2nd period - Shot Blocked by Kristopher Letang. 3:37 of 2nd period - Shot by Madison Bowey. 3:37 of 2nd period - Shot Blocked by Kristopher Letang. 3:39 of 2nd period - Shot by Madison Bowey. 3:39 of 2nd period - Shot Blocked by Kristopher Letang. 3:41 of 2nd period - Shot by Nick Cousins. 3:41 of 2nd period - Shot Misses the Net. 3:43 of 2nd period - Shot by Nick Cousins. 3:43 of 2nd period - Deflect By Mats Zuccarello. 3:43 of 2nd period - Stopped by Tuukka Rask without a rebound. 3:44 of 2nd period - Barrett Hayton wins face-off versus Vladimir Tarasenko in KELOWNA ROCKETS zone. 3:53 of 2nd period - Shot by Brock McGinn. 3:53 of 2nd period - Shot Hit the Post. 4:05 of 2nd period - Shot by Brock McGinn. 4:05 of 2nd period - Shot Misses the Net. 4:07 of 2nd period - Shot by Dante Fabbro. 4:07 of 2nd period - Shot Misses the Net. 4:11 of 2nd period - Shot by Brock McGinn. 4:11 of 2nd period - Stopped by Tuukka Rask without a rebound. 4:12 of 2nd period - Valtteri Filppula wins face-off versus Anthony Cirelli in KELOWNA ROCKETS zone. 4:28 of 2nd period - Shot by Mark Giordano. 4:28 of 2nd period - Shot Blocked by Tyson Barrie. 4:30 of 2nd period - Shot by Tyler Bertuzzi. 4:30 of 2nd period - Shot Misses the Net. 4:32 of 2nd period - Shot by Pavel Buchnevich. 4:32 of 2nd period - Shot Blocked by Valtteri Filppula. 4:34 of 2nd period - Shot by Pavel Buchnevich. 4:34 of 2nd period - Stopped by Cory Schneider without a rebound. 4:35 of 2nd period - Nazem Kadri wins face-off versus Auston Matthews in TEXAS TOROS zone. 4:54 of 2nd period - Shot by Mats Zuccarello. 4:54 of 2nd period - Goal by Mats Zuccarello - TEXAS TOROS : 1 - KELOWNA ROCKETS : 0. 4:55 of 2nd period - Anthony Cirelli wins face-off versus Valtteri Filppula in neutral zone. 4:58 of 2nd period - Shot by Tyler Bertuzzi. 4:58 of 2nd period - Shot Misses the Net. 5:00 of 2nd period - Shot by Mark Giordano. 5:00 of 2nd period - Shot Blocked by Tyson Barrie. 6:00 of 2nd period - Shot by Jordan Eberle. 6:00 of 2nd period - Shot Misses the Net.